 Dungeon Crawl Stone Soup version 0.19.1-1-g22dce08 (webtiles) character file.

9030 theAP the Grappler (level 11, 0/119 HPs)
             Began as a Troll Fighter on Jan 15, 2017.
             Was a High Priest of Okawaru.
             Slain by an orc warrior
             ... wielding a +0 halberd
              (4 damage)
             ... in a bailey.
             The game lasted 00:25:10 (9450 turns).

theAP the Grappler (Troll Fighter)                  Turns: 9450, Time: 00:25:11

Health: 0/119      AC:  9    Str: 28    XL:     11   Next: 17%
Magic:  12/12      EV: 11    Int:  2    God:    Okawaru [*****.]
Gold:   850        SH:  9    Dex: 12    Spells: 0 memorised, 10 levels left

rFire  + . .     SeeInvis .       - Unarmed
rCold  + . .     Gourm    +     w - +1 robe {rC+ rF+}
rNeg   . . .     Faith    +     b - +0 shield
rPois  .         Spirit   .     F - +1 hat
rElec  .         Reflect  .     j - +0 cloak
rCorr  .         Harm     .     (gloves unavailable)
MR     .....                    (boots unavailable)
Stlth  ++........               y - amulet of faith
                                (no ring)
                                (no ring)

@: no status effects
A: unfitting armour, beak, claws 3, hooves 1, horns 1, icy blue scales 1,
camouflage 1, agile 1, blink, deformed body, dopey 1, fast metabolism 3,
gourmand, regeneration 1, robust 1, shaggy fur 1, tough skin 2
a: Blink, Heroism, Finesse, Renounce Religion


You were in a bailey.
You worshipped Okawaru.
Okawaru was extremely pleased with you.
You were very full.

You visited 2 branches of the dungeon, and saw 13 of its levels.
You also visited: Bailey.

You collected 850 gold pieces.

Inventory:

Armour
 a - a +0 robe
 b - a +0 shield (worn)
 j - a +0 cloak (worn)
 w - a +1 robe of resistance (worn)
 x - a +0 robe of magic resistance
 F - a +1 hat (worn)
Jewellery
 f - an uncursed amulet of guardian spirit
 n - an uncursed amulet of the gourmand {unknown}
 s - the ring of Umikuatz {Int+2 Dex-2}
   (You found it on level 5 of the Dungeon)

   [ring of dexterity]

   It affects your intelligence (+2).
   It affects your dexterity (-2).
 y - an amulet of faith (around neck)
 P - an uncursed amulet of regeneration {unknown}
Wands
 l - a wand of flame (11/48)
 z - a wand of slowing (14/48)
 C - a wand of slowing (31/48)
 K - a wand of acid (0/15)
 L - a wand of digging (8/24)
 N - a wand of acid (0/15)
Scrolls
 p - 2 scrolls of fog
 u - 4 scrolls of remove curse
 A - 2 scrolls of fear
 J - 2 scrolls of teleportation
 O - a scroll of recharging
Potions
 c - 4 potions of might
 e - 2 potions of cancellation
 i - 2 potions of invisibility
 k - 5 potions of curing
 m - 3 potions of agility
 q - 2 potions of haste
 r - a potion of lignification
 t - a potion of resistance
 v - a potion of degeneration
 B - 2 potions of brilliance
 E - a potion of magic
 I - a potion of heal wounds {unknown}
Books
 H - a book of Misfortune

   Spells                             Type                      Level
   a - Confusing Touch                Hexes                        1
   b - Confuse                        Hexes                        3
   c - Gell's Gravitas                Hexes/Translocation          3
   d - Petrify                        Transmutation/Earth          4
   e - Metabolic Englaciation         Hexes/Ice                    5
   f - Yara's Violent Unravelling     Hexes/Transmutation          5
Miscellaneous
 D - a lamp of fire
 M - a phial of floods
Comestibles
 d - 10 bread rations
 g - 9 beef jerkies
 h - 4 meat rations
 o - 7 fruits


   Skills:
 + Level 7.6 Fighting
 + Level 7.3 Dodging
 - Level 2.6 Shields
 * Level 12.0 Unarmed Combat
 + Level 3.6 Invocations


You had 10 spell levels left.
You didn't know any spells.

Dungeon Overview and Level Annotations

Branches:
Dungeon (12/15)            Temple (1/1) D:5            Lair (0/6) D:9
    Orc (0/2) D:10

Altars:
Ashenzari
Cheibriados
Dithmenos
Elyvilon
Fedhas
Gozag
Hepliaklqana
Kikubaaqudgha
Makhleb
Nemelex Xobeh
Okawaru
Qazlal
Ru
Sif Muna
Trog
Uskayaw
Vehumet
Xom
Yredelemnul
Zin
The Shining One

Shops:
D:4 (   D:7 =   D:8 [   D:9 [   D:12 **


Innate Abilities, Weirdness & Mutations

You are too large for most types of armour.
You have claws for hands.
Your metabolism is lightning-fast.
You like to eat raw meat.
Your natural rate of healing is unusually fast.
You are covered in fur. (AC +1)
You have very tough skin. (AC +2)
You have a beak for a mouth.
You have large cloven feet.
You have a pair of small horns on your head.
You are partially covered in icy blue scales. (AC +2)
Your skin changes colour to match your surroundings (Stealth+).
You are agile. (Dex +2)
You can translocate small distances at will.
Armour fits poorly on your strangely shaped body.
You are dopey. (Int -2)
You are robust. (+10% HP)


Message History

You claw the orc!
You kill the orc!
Okawaru accepts your kill.
The orc knight roars a battlecry!
The orc goes into a battle-frenzy!
The orc warrior shoots a bolt.
You block the bolt.
You see here a bolt.
The orc warrior closely misses you.
The orc warrior unwields an uncursed arbalest.
The orc warrior hits you!
* * * LOW HITPOINT WARNING * * *
You closely miss the orc warrior.
You kick the orc warrior, but do no damage.
You block the orc warrior's attack. x2
You claw the orc warrior!
You kick the orc warrior, but do no damage.
Your peck misses the orc warrior.
The orc warrior is moderately wounded.
The orc warrior hits you from afar with a halberd.
You die...

### ###
##.###########∩####
#...##.....##.∩.##.
#?..#..≈≈≈..#.(.#..
#).o#.≈≈.≈≈....(..≈
#.).'.≈oo.≈.(((((.≈
#o@(#.≈≈o≈≈..(.(..≈
#$..#..≈≈≈..#(.(#(.
#[..##.....##(..##.
##.###########∩####
### ###


You could see an orc knight, 2 orc warriors and an orc.

Vanquished Creatures
  A hill giant (D:10)
  A deep elf mage (D:8)
  An ugly thing (D:12)
  A gargoyle (D:11)
  A troll (D:11)
  2 two-headed ogres
  2 wyverns
  6 yaks (D:9)
  A wraith (D:11)
  A hungry ghost (D:7)
  A soldier ant (D:10)
  Duvessa (D:7)
  A sky beast (D:9)
  5 orc warriors
  An ice beast (D:8)
  A phantom (D:8)
  4 ogres
  4 centaurs
  A crocodile (D:9)
  11 big kobolds
  6 bullfrogs
  Blork the orc (D:5)
  A water moccasin zombie (D:11)
  Dowan (D:7)
  A scorpion (D:10)
  8 killer bees (D:7)
  A howler monkey (D:6)
  3 crimson imps
  3 bullfrog zombies
  2 centaur zombies
  A quasit (D:6)
  A centaur skeleton (D:9)
  5 hounds
  A bullfrog skeleton (D:10)
  3 jellies
  5 orc priests
  Terence (D:2)
  7 orc wizards
  An iguana (D:10)
  Natasha (twice) (D:2)
  5 worker ants
  2 hound skeletons
  2 worker ant zombies
  16 adders
  3 river rats (D:9)
  15 gnolls
  A shadow imp (D:5)
  An ooze (D:1)
  An adder skeleton (D:5)
  5 worms
  2 dart slugs
  4 leopard geckos
  35 orcs
  A ball python (D:3)
  16 bats
  8 giant cockroaches
  8 goblins
  8 hobgoblins
  9 jackals
  51 kobolds
  6 quokkas
  10 frilled lizards
  A leopard gecko skeleton (D:4)
  A quokka skeleton (D:9)
  A quokka zombie (D:9)
  15 rats
  2 fungi (D:9)
  2 plants (D:9)
332 creatures vanquished.

Notes
Turn   | Place    | Note
-------+----------+-------------------------------------------
     0 | D:1      | theAP the Troll Fighter began the quest for the Orb.
     0 | D:1      | Reached XP level 1. HP: 22/22 MP: 0/0
    36 | D:1      | Reached XP level 2. HP: 29/29 MP: 1/1
   529 | D:1      | Reached XP level 3. HP: 36/36 MP: 2/2
   993 | D:2      | Reached skill level 3 in Unarmed Combat
  1012 | D:2      | Noticed Natasha
  1016 | D:2      | Killed Natasha
  1016 | D:2      | Reached XP level 4. HP: 38/45 MP: 3/3
  1371 | D:2      | Noticed Terence
  1380 | D:2      | Killed Terence
  1411 | D:2      | Noticed Natasha
  1417 | D:2      | Killed Natasha
  1417 | D:2      | Reached XP level 5. HP: 51/53 MP: 4/4
  1521 | D:3      | Reached skill level 4 in Unarmed Combat
  1579 | D:3      | Reached XP level 6. HP: 61/61 MP: 5/5
  1644 | D:3      | Reached skill level 5 in Unarmed Combat
  1980 | D:3      | Reached XP level 7. HP: 8/70 MP: 6/6
  2613 | D:3      | Reached skill level 6 in Unarmed Combat
  2989 | D:4      | Found Zoph's Weapon Boutique.
  3068 | D:4      | Reached XP level 8. HP: 16/79 MP: 1/7
  3232 | D:4      | Reached skill level 7 in Unarmed Combat
  3483 | D:5      | Entered Level 5 of the Dungeon
  3536 | D:5      | Got a wavering wooden ring
  3633 | D:5      | Reached skill level 5 in Fighting
  3779 | D:5      | Found a glowing golden altar of the Shining One.
  3807 | D:5      | Noticed Blork the orc
  3816 | D:5      | Killed Blork the orc
  3861 | D:5      | Found a staircase to the Ecumenical Temple.
  3877 | Temple   | Entered the Ecumenical Temple
  3997 | Temple   | Became a worshipper of Warmaster Okawaru
  4483 | D:6      | Reached skill level 8 in Unarmed Combat
  4486 | D:6      | Reached skill level 5 in Dodging
  5087 | D:6      | Identified the cursed ring of Umikuatz {Int+2 Dex-2} (You found it on level 5 of the Dungeon)
  5093 | D:6      | Gained mutation: You can translocate small distances at will. [potion of mutation]
  5093 | D:6      | Gained mutation: You have a beak for a mouth. [potion of mutation]
  5093 | D:6      | Gained mutation: You are robust. (+10% HP) [potion of mutation]
  5094 | D:6      | Gained mutation: You have a pair of small horns on your head. [potion of mutation]
  5094 | D:6      | Gained mutation: You are dopey. (Int -2) [potion of mutation]
  5094 | D:6      | Gained mutation: Your skin changes colour to match your surroundings (Stealth+). [potion of mutation]
  5110 | D:7      | Reached * piety under Okawaru
  5110 | D:7      | Reached XP level 9. HP: 96/96 MP: 8/8
  5125 | D:7      | Found Vuyqaom's Jewellery Emporium.
  5169 | D:7      | Reached skill level 9 in Unarmed Combat
  5432 | D:7      | Reached ** piety under Okawaru
  5635 | D:7      | Noticed Dowan
  5640 | D:7      | Killed Dowan
  5641 | D:7      | Noticed Duvessa
  5645 | D:7      | Killed Duvessa
  6382 | D:8      | Noticed a deep elf mage
  6390 | D:8      | Killed a deep elf mage
  6390 | D:8      | Reached skill level 10 in Unarmed Combat
  6440 | D:8      | Found Jemmor Azizu's Antique Armour Boutique.
  6819 | D:8      | Reached *** piety under Okawaru
  7023 | D:9      | Reached XP level 10. HP: 104/110 MP: 6/9
  7077 | D:9      | Found a hazy altar of Hepliaklqana.
  7114 | D:9      | Gained mutation: You have large cloven feet. [mutagenic meat]
  7115 | D:9      | Gained mutation: You evolve. [mutagenic meat]
  7116 | D:9      | Gained mutation: Armour fits poorly on your strangely shaped body. [mutagenic meat]
  7185 | D:9      | Reached skill level 1 in Invocations
  7302 | D:9      | Found a staircase to the Lair.
  7344 | D:9      | Reached **** piety under Okawaru
  7356 | D:9      | Reached skill level 11 in Unarmed Combat
  7475 | D:9      | Found Fozetiff's Armour Shoppe.
  7646 | D:10     | Entered Level 10 of the Dungeon
  7646 | D:10     | Noticed a hill giant
  7652 | D:10     | Killed a hill giant
  7752 | D:10     | Gained mutation: You are agile. (Dex +2) [potion of beneficial mutation]
  7753 | D:10     | Gained mutation: You are resistant to hostile enchantments. (MR+) [potion of beneficial mutation]
  7835 | D:10     | Found a staircase to the Orcish Mines.
  8207 | D:10     | Gained mutation: You are partially covered in icy blue scales. (AC +2) [evolution]
  8207 | D:10     | Lost mutation: You evolve. [end of evolution]
  8369 | D:11     | Reached ***** piety under Okawaru
  8369 | D:11     | Received a gift from Okawaru
  8705 | D:11     | Noticed a gargoyle
  8713 | D:11     | Killed a gargoyle
  8754 | D:11     | Reached XP level 11. HP: 119/119 MP: 12/12
  8964 | D:12     | Found a flagged portal.
  9020 | D:12     | Noticed a purple ugly thing
  9032 | D:12     | Killed a purple ugly thing
  9040 | D:12     | Found Rown's General Store.
  9042 | D:12     | Found Puifos's General Store.
  9064 | D:12     | Lost mutation: You are resistant to hostile enchantments. (MR+) [mutagenic meat]
  9152 | D:12     | Reached skill level 12 in Unarmed Combat
  9228 | Bailey   | Entered a bailey
  9228 | Bailey   | Noticed an orc knight
  9448 | Bailey   | HP: 3/119 [orc warrior (15)]
  9450 | Bailey   | Slain by an orc warrior

Skill      XL: |  1  2  3  4  5  6  7  8  9 10 11 |
---------------+----------------------------------+-----
Unarmed Combat | 3 4 5 6 8 10 11 12 | 12.0
Fighting       | 3 4 5 6 7 |  7.6
Dodging        | 3 4 5 6 7 |  7.3
Invocations    | 3 |  3.6
Shields        | |  2.6

Action                   |  1- 3 |  4- 6 |  7- 9 | 10-12 || total
-------------------------+-------+-------+-------+-------++-------
Melee: Unarmed           |   100 |   196 |   346 |   271 ||   913
       Peck              |       |       |    19 |    57 ||    76
       Headbutt          |       |       |    18 |    55 ||    73
       Kick              |       |       |       |    89 ||    89
Invok: Heroism           |       |       |     1 |     1 ||     2
Evoke: Wand              |       |       |       |     7 ||     7
  Use: Scroll            |     2 |       |    15 |     7 ||    24
       Potion            |       |     1 |     5 |     2 ||     8
 Stab: Sleeping          |     1 |       |     8 |     8 ||    17
       Distracted        |       |       |     1 |       ||     1
  Eat: Chunk             |    15 |     8 |    41 |    37 ||   101
Armor: Robe              |    26 |    79 |    82 |    77 ||   264
Dodge: Dodged            |    34 |   125 |   141 |   156 ||   456
Block: Shield            |    39 |   134 |   166 |   154 ||   493
